 Dungeon Crawl Stone Soup version 0.28-a0-10-g964c8b829e (webtiles) character file.

Game seed: 18172299216892857698

273 DocSulfur the Magician (level 6, -1/47 HPs)
             Began as a Djinni Fire Elementalist on July 25, 2021.
             Killed by divine providence
             ... invoked by an orc priest
              (12 damage)
             ... on level 4 of the Dungeon.
             The game lasted 00:15:16 (4162 turns).

DocSulfur the Magician (Djinni Fire Elementalist)   Turns: 4162, Time: 00:15:17

Health: -1/47      AC:  3    Str:  7    XL:     6   Next: 48%
Gold:   68         EV: 12    Int: 19    God:
                   SH:  0    Dex: 13

rFire   + + .      SeeInvis .   e - +0 hunting sling (flame)
rCold   x . .      Faith    .   (no shield)
rNeg    . . .      Spirit   .   f - +0 robe
rPois   ∞          Reflect  .   o - +0 helmet
rElec   .          Harm     .   (no cloak)
rCorr   .          Rampage  .   (no gloves)
Will    .....                   (boots unavailable)
Stlth   ++........              (no amulet)
HPRegen 0.15/turn               (no ring)
MPRegen 0.00/turn               (no ring)

@: flying
A: sickness immunity, fire resistance 2, cold vulnerability 1, float, innate
caster, hp casting, extra vitality 1
a: no special abilities


You were on level 4 of the Dungeon.
You visited 1 branch of the dungeon, and saw 4 of its levels.

You collected 68 gold pieces.

Inventory:

Hand Weapons
 e - a +0 hunting sling of flaming (weapon)
Missiles
 a - 102 stones (quivered ammo)
 d - a throwing net
 g - 13 poisoned darts (quivered)
Armour
 f - a +0 robe (worn)
 o - a +0 helmet (worn)
Jewellery
 l - a ring of ice
Wands
 k - a wand of digging (2)
 m - a wand of polymorph (3)
Scrolls
 c - a scroll of fear {unknown}
Potions
 b - a potion of might {unknown}
 h - 3 potions of brilliance {unknown}
 i - a potion of curing {unknown}
 j - a potion of ambrosia {unknown}
 n - a potion of invisibility {unknown}


   Skills:
 + Level 4.0 Fighting
 - Level 2.1 Dodging
 - Level 1.5 Stealth
 * Level 4.1 Spellcasting


You couldn't memorise any spells.
You knew the following spells:

 Your Spells              Type           Power      Damage    Failure   Level
a - Foxfire               Conj/Fire      76%        2x1d7     2%          1
b - Inner Flame           Hex/Fire       19%        N/A       8%          3
c - Conjure Flame         Conj/Fire      19%        6-21      8%          3
d - Sticky Flame          Conj/Fire      19%        2d4       26%         4
e - Fireball              Conj/Fire      9%         3d6       56%         5
f - Pain                  Necr           76%        1d7       2%          1
g - Call Imp              Summ           19%        N/A       3%          2
Your spell library was empty.

Dungeon Overview and Level Annotations

Branches:
Dungeon (4/15)
 Temple: D:4-7

Altars:


Innate Abilities, Weirdness & Mutations

You are immune to sickness and miasma.
You are immune to poison.
Your flesh is very heat resistant. (rF++)
You are vulnerable to cold. (rC-)
You float through the air rather than walking.
You learn spells naturally, not from books.
Your magical power is your life essence.
You have superior vitality. (+4 HP)


Message History

The iguana is moderately wounded.
The foxfire hits the iguana but does no damage.
The iguana is moderately wounded.
The foxfire hits the iguana but does no damage.
The iguana is moderately wounded.
Casting: Foxfire (safe; 2% risk of failure)
Confirm with . or Enter, or press ? or * to list all spells.
You conjure some foxfire!
The foxfire hits the iguana.
The iguana is heavily wounded.
An orc comes into view. It is wielding a +3 hand axe.
The foxfire hits the iguana.
The iguana is heavily wounded.
Casting: Foxfire (safe; 2% risk of failure)
Confirm with . or Enter, or press ? or * to list all spells.
You conjure some foxfire!
The orc hits you but does no damage.
The iguana bites you but does no damage.
The foxfire hits the orc.
You kill the orc!
The foxfire hits the iguana.
The iguana is severely wounded.
The iguana bites you.
Casting: Foxfire (safe; 2% risk of failure)
Confirm with . or Enter, or press ? or * to list all spells.
You conjure some foxfire!
The iguana misses you.
An orc priest comes into view. It is wielding a +0 flail.
The orc misses you.
The foxfire hits the orc!
The orc is almost dead.
The foxfire hits the orc.
You kill the orc!
The iguana bites you. The orc barely misses you.
The orc priest begins to cast a cantrip, but forgets the words!
The orc priest invokes the aid of Beogh against you.
Beogh smites you!
The orc priest calls down the wrath of Beogh upon you.
Beogh smites you!
* * * LOW HITPOINT WARNING * * *
The orc priest invokes the aid of Beogh against you.
Beogh smites you!
You die...

#....####.....###...###.....
##..## ##..................
##.## #..................
#..# #..###.............
#..# ##.# ##............
#..## #..# #............
....# ##..# #....<.......
....####..# ##............
......##..#####o@...........
##....o...##.l..............
#..####o.o......####.......
#..# ##......### ..#....
#..# ##...### ....... #.o#
#..## .#..... #.)# #..# #o)#
#... #†..(# .....


You could see an iguana, an orc priest and an orc.

Vanquished Creatures
  An orc wizard (D:3)
  Ijyb (D:3)
  Terence (D:3)
  Robin (D:3)
  8 adders
  An adder skeleton (D:3)
  2 worms
  A dart slug (D:3)
  10 orcs
  9 bats
  2 endoplasms (D:1)
  4 giant cockroaches
  14 goblins
  8 hobgoblins
  7 jackals
  4 quokkas
  6 frilled lizards
  10 kobolds
  4 rats
94 creatures vanquished.

Vanquished Creatures (others)
  283 foxfires
283 creatures vanquished.

Grand Total: 377 creatures vanquished

Notes
Turn   | Place    | Note
-------+----------+-------------------------------------------
     0 | D:1      | DocSulfur the Djinni Fire Elementalist began the quest for
                  | the Orb.
     0 | D:1      | Reached XP level 1. HP: 15/15 MP: 0/0
   132 | D:1      | Reached XP level 2. HP: 14/22 MP: 0/0
   142 | D:1      | Reached skill level 1 in Fighting
   665 | D:1      | Reached XP level 3. HP: 26/27 MP: 0/0
   665 | D:1      | Learned a level 1 spell: Pain
  1383 | D:2      | Reached XP level 4. HP: 10/33 MP: 0/0
  2149 | D:3      | Noticed Robin
  2221 | D:3      | Reached XP level 5. HP: 34/40 MP: 0/0
  2221 | D:3      | Learned a level 2 spell: Call Imp
  2431 | D:3      | Noticed Terence
  2480 | D:3      | Killed Terence
  3260 | D:3      | Noticed Ijyb
  3272 | D:3      | Killed Ijyb
  3273 | D:3      | Reached XP level 6. HP: 40/47 MP: 0/0
  3949 | D:3      | Killed Robin
  4162 | D:4      | Killed from afar by an orc priest

Illustrated notes

Levels and vault maps discovered:
D:1:      minmay_arrival_widening_spiral_wide, layout_basic, serial_aquarium,
          aquarium_bridge_square [aquarium_subvault_wall,
          aquarium_subvault_wall, aquarium_subvault_wall,
          aquarium_subvault_bridge], aquarium_window_fake, aquarium_window_1,
          aquarium_window_fake, aquarium_window_2, aquarium_view_2a,
          aquarium_view_2b, aquarium_balcony_3b, aquarium_pool_split,
          grunt_decor_cap
D:2:      layout_rooms, kennysheep_generic_room_9
D:3:      layout_loops_cross, kennysheep_cross_bottleneck, minmay_puff,
          uniq_robin, uniq_terence, uniq_ijyb
D:4:      layout_layer_cave, uniq_blork_the_orc

Skill      XL: |  1  2  3  4  5  6 |
---------------+-------------------+-----
Fighting       | 1 2 3 4 |  4.0
Spellcasting   | 3 4 |  4.1
Dodging        | |  2.1
Stealth        | |  1.5

Action                   |  1- 3 |  4- 6 || total
-------------------------+-------+-------++-------
Throw: Dart              |       |     1 ||     1
 Cast: Foxfire           |    59 |   123 ||   182
  Use: Scroll            |       |     1 ||     1
Armor: Robe              |     2 |     7 ||     9
Dodge: Dodged            |    15 |    45 ||    60

Table legend: (Time is in decaauts)
 A = Elapsed time spent in this place.
 B = Non-inter-level travel time spent in this place.
 C = Inter-level travel time spent in this place.
 D = Time resting spent in this place.
 E = Time spent auto-exploring this place.
 F = Levels seen in this place.
 G = Mean time per level.
                   A        B        C        D        E       F      G
               +--------+--------+--------+--------+--------+-----+--------+
         Total |   4161 |   4054 |    107 |      0 |   2495 |   4 | 1040.2 |
       Dungeon |   4161 |   4054 |    107 |      0 |   2495 |   4 | 1040.2 |
               +--------+--------+--------+--------+--------+-----+--------+

Top non-repeatable levels by time:
     D:3: 2091 daAuts
     D:1: 1283 daAuts
     D:2: 707 daAuts
     D:4: 79 daAuts
